 Dungeon Crawl Stone Soup version 0.29.1-15-g9cfb28693d (webtiles) character file.

Game seed: 14548586054502476071

457 Gumption the Chopper (level 6, -1/56 HPs)
             Began as a Minotaur Berserker on Mar 27, 2023.
             Was a Priest of Trog.
             Slain by an orc
             ... wielding a +0 flail
              (9 damage)
             ... on level 4 of the Dungeon on Mar 28, 2023.
             The game lasted 00:23:36 (3855 turns).

Gumption the Chopper (Minotaur Berserker)           Turns: 3855, Time: 00:23:37

Health: -1/56      AC:  0    Str: 24    XL:     6   Next: 77%
Magic:  5/5        EV: 11    Int:  4    God:    Trog [***...]
Gold:   145        SH:  5    Dex: 15    Spells: 5/5 levels left

rFire   . . .      SeeInvis .   a - +0 hand axe
rCold   . . .      Faith    .   (no shield)
rNeg    . . .      Spirit   .   i - +0 scale mail
rPois   .          Reflect  +   (helmet restricted)
rElec   .          Harm     .   l - +0 cloak
rCorr   .          Rampage  .   (no gloves)
Will    .....                   (no boots)
Stlth   ..........              e - amulet of reflection
HPRegen 0.18/turn               u - +6 ring of dexterity
MPRegen 0.09/turn               (no ring)

@: corroded
A: horns 2, retaliatory headbutt
a: Renounce Religion, Berserk, Trog's Hand


You were on level 4 of the Dungeon.
You worshipped Trog.
Trog was most pleased with you.
You visited 1 branch of the dungeon, and saw 4 of its levels.

You collected 145 gold pieces.

Inventory:

Hand Weapons
 a - a +0 hand axe (weapon)
 b - a +1 vampiric short sword
Armour
 i - a +0 scale mail (worn)
 l - a +0 cloak (worn)
Jewellery
 e - an amulet of reflection (around neck)
 u - a +6 ring of dexterity (left hand)
 v - a ring of magical power
Scrolls
 c - a scroll of torment
 d - a scroll of enchant armour
 g - a scroll of blinking {unknown}
 h - a scroll of immolation {unknown}
 j - a scroll of fear {unknown}
 k - a scroll of noise {unknown}
 n - a scroll of brand weapon {unknown}
 o - a scroll of vulnerability
 r - a scroll of identify
 s - a scroll of enchant weapon {unknown}
 t - a scroll of butterflies {unknown}
 w - a scroll of amnesia {unknown}
Potions
 f - 2 potions of attraction
 m - a potion of curing
 p - a potion of magic
 q - 3 potions of heal wounds


   Skills:
 + Level 5.5 Fighting
 * Level 7.0 Axes
 + Level 4.8 Armour
 - Level 2.1 Dodging


You had 5 spell levels left.
You didn't know any spells.
Your spell library was empty.

Dungeon Overview and Level Annotations

Branches:
Dungeon (4/15)
 Temple: D:4-7

Altars:
Qazlal
Ru
Trog
Vehumet
Wu Jian


Innate Abilities, Weirdness & Mutations

You have a pair of horns on your head.
You reflexively headbutt those who attack you in melee.


Message History

An orc comes into view. It is wielding a +0 flail.
You barely miss the orc.
The orc shouts!
The orc hits you with a +0 vorpal war axe.
You hit the orc. You headbutt the orc, but do no damage.
The orc is severely wounded.
The orc barely misses you.
You closely miss the orc. You headbutt the orc.
You kill the orc!
Trog accepts your kill.
You hit the goblin but do no damage. The goblin hits you with a +0 dagger.
You slash the adder! Your headbutt misses the adder.
The adder is severely wounded.
You barely miss the goblin. The adder misses you. The goblin barely misses you.
You hit the adder but do no damage.
The adder is severely wounded.
You closely miss the goblin. The adder bites you.
You are poisoned.
The adder poisons you! The goblin misses you.
You hit the adder.
You kill the adder!
Trog accepts your kill.
You barely miss the goblin.
You feel sick.
An orc comes into view. It is wielding a +0 flail.
You block the goblin's attack.
The orc shouts!
You hit the orc but do no damage. You barely miss the goblin.
You feel sick. The goblin hits you with a +0 dagger.
You block the orc's attack.
You hit the orc but do no damage. You barely miss the goblin.
You feel sick. The goblin hits you with a +0 dagger.
The orc hits you with a +0 flail.
You hit the orc but do no damage. You hit the goblin but do no damage.
You feel sick. The goblin hits you with a +0 dagger. The orc barely misses you.
You hit the orc.
The orc is severely wounded.
You hit the goblin but do no damage.
You feel sick.
You are no longer poisoned.
The goblin hits you with a +0 dagger. The orc hits you with a +0 flail!
* * * LOW HITPOINT WARNING * * *
The orc attacks as you move away! The orc hits you with a +0 flail!
You die...

##...###..#.......#
##....##.'..8⌠8..'
#..###..#.......#
####..###########
####..### #......#
#...#### #......##
#.####.####........
#..........##.....#
##@).....#. ##....#
#go.....## ##.#..
#.......# ##.##.
#o..#....# #..<##
##)'###### #..#..)
..... #..#..)
........ #......
#♣....♣##♣ ###....
#....# #......


You could see 2 orcs and a goblin.

Vanquished Creatures
  A necrophage (D:3)
  A jelly (D:4)
  An orc priest (D:3)
  Crazy Yiuf (D:2)
  Terence (D:2)
  3 orc wizards (D:3)
  4 gnolls (D:4)
  10 adders
  3 dart slugs
  9 orcs
  7 bats
  4 endoplasms
  3 giant cockroaches
  7 goblins
  3 hobgoblins
  3 jackals (D:3)
  6 kobolds
  2 quokkas
  3 ball pythons
  4 frilled lizards
  6 rats
82 creatures vanquished.

Notes
Turn   | Place    | Note
-------+----------+-------------------------------------------
     0 | D:1      | Gumption the Minotaur Berserker began the quest for the
                  | Orb.
     0 | D:1      | Reached XP level 1. HP: 19/19 MP: 0/0
   360 | D:1      | Reached skill level 4 in Axes
   432 | D:1      | Reached XP level 2. HP: 27/27 MP: 1/1
   975 | D:2      | Reached XP level 3. HP: 23/33 MP: 2/2
  1194 | D:2      | Reached ** piety under Trog
  1394 | D:2      | Noticed Terence
  1408 | D:2      | Reached XP level 4. HP: 40/40 MP: 3/3
  1414 | D:2      | Killed Terence
  1415 | D:2      | Reached skill level 5 in Axes
  1465 | D:2      | Found a runed translucent door.
  1466 | D:2      | Noticed Crazy Yiuf
  1843 | D:2      | Killed Crazy Yiuf
  1990 | D:3      | Reached XP level 5. HP: 47/47 MP: 4/4
  2162 | D:3      | Reached skill level 6 in Axes
  2322 | D:3      | Found a radiant altar of Vehumet.
  2398 | D:3      | Found a faded altar of an unknown god.
  2398 | D:3      | Noticed an eye of devastation
  2403 | D:3      | Noticed a shining eye
  2404 | D:3      | Noticed a great orb of eyes
  2404 | D:3      | Noticed a golden eye
  2458 | D:3      | Reached skill level 5 in Fighting
  2752 | D:3      | Reached XP level 6. HP: 48/56 MP: 5/5
  2949 | D:3      | Found a stormy altar of Qazlal.
  2974 | D:3      | Found a bloodstained altar of Trog.
  3016 | D:3      | Reached *** piety under Trog
  3048 | D:3      | Found an ornate altar of the Wu Jian Council.
  3221 | D:4      | Found a sacrificial altar of Ru.
  3840 | D:4      | Reached skill level 7 in Axes
  3855 | D:4      | Slain by an orc

Illustrated notes

Levels and vault maps discovered:
D:1:      minmay_arrival_solitary_statue, layout_loops_corners
D:2:      layout_basic, uniq_terence, uniq_crazy_yiuf_cottage
D:3:      layout_basic, nzn_wu_jian_council_hall,
          nicolae_overflow_crystal_walls, nicolae_overflow_squiral,
          hellmonk_ecumenical_altar_watching_god, chequers_serial_rivers_room_a
D:4:      layout_rooms, lemuel_crystal_altar, grunt_decor_clamped,
          amethyst_killhole, kennysheep_dice

Skill      XL: |  1  2  3  4  5  6 |
---------------+-------------------+-----
Axes           | 4 5 6 7 |  7.0
Fighting       | 4 5 |  5.5
Armour         | 3 4 |  4.8
Dodging        | |  2.1

Action                   |  1- 3 |  4- 6 || total
-------------------------+-------+-------++-------
Melee: Hand axe          |    77 |   157 ||   234
       Headbutt          |     8 |    24 ||    32
       Punch             |       |     1 ||     1
Invok: Berserk           |       |     1 ||     1
       Trog's Hand       |       |     1 ||     1
  Use: Scroll            |     2 |     6 ||     8
Armor: Animal skin       |     1 |       ||     1
       Leather armour    |    12 |       ||    12
       Ring mail         |     7 |     1 ||     8
       Scale mail        |       |    50 ||    50
Dodge: Dodged            |    40 |    64 ||   104
Block: Other             |    20 |    24 ||    44
       Reflection        |     1 |       ||     1
